 Dungeon Crawl Stone Soup version 0.26-a0-651-gb41185065b (webtiles) character file.

Game seed: 10863468817879012459

2734 muata the Skirmisher (level 9, -4/79 HPs)
             Began as a Yellow Draconian Transmuter on Sept 27, 2020.
             Splashed by a jelly's acid (5 damage)
             ... on level 6 of the Dungeon on Sept 28, 2020.
             The game lasted 00:34:54 (9384 turns).

muata the Skirmisher (Yellow Draconian Transmuter)  Turns: 9384, Time: 00:34:56

Health: -4/79      AC: -2    Str: 19    XL:     9   Next: 40%
Magic:  17/18      EV: 19    Int: 17    God:
Gold:   409        SH:  0    Dex: 16    Spells: 14/20 levels left

rFire    . . .     SeeInvis .     - Unarmed
rCold    . . .     Faith    .   (shield currently unavailable)
rNeg     . . .     Spirit   .   (armour unavailable)
rPois    x         Reflect  .   (helmet currently unavailable)
rElec    .         Harm     .   (cloak currently unavailable)
rCorr    .         Rampage  .   (gloves currently unavailable)
MR       .....                  (boots currently unavailable)
Stlth    +.........             (no amulet)
HPRegen  0.23/turn              k - +6 ring of strength
MPRegen  0.16/turn              (no ring)

@: spider-form, marked, corroded
A: tiny, (spit acid), unfitting armour, AC +7
a: End Transformation


You were on level 6 of the Dungeon.
You were a venomous arachnid creature.
You visited 1 branch of the dungeon, and saw 7 of its levels.

You collected 409 gold pieces.

Inventory:

Missiles
 b - 44 poisoned darts (quivered)
 c - 207 stones
 D - 2 atropa-tipped darts
Armour
 w - a +2 pair of boots (melded)
Jewellery
 g - an uncursed ring of positive energy
 k - a +6 ring of strength (left front leg)
Wands
 j - a wand of random effects (20)
 y - a wand of iceblast (5)
Scrolls
 a - 2 scrolls of enchant weapon
 i - a scroll of fear {unknown}
 l - 3 scrolls of amnesia {unknown}
 p - a scroll of magic mapping {unknown}
 q - 2 scrolls of teleportation
 r - 4 scrolls of remove curse
 s - a scroll of blinking {unknown}
 t - 4 scrolls of fog {unknown}
 E - 2 scrolls of identify
 F - a scroll of enchant armour {unknown}
Potions
 d - 2 potions of curing {unknown}
 e - a potion of lignification {unknown}
 f - 5 potions of might
 h - a potion of berserk rage {unknown}
 m - a potion of ambrosia {unknown}
 n - 3 potions of magic
 o - a potion of stabbing {unknown}
 u - 2 potions of cancellation
 v - 2 potions of resistance {unknown}
 x - a potion of invisibility {unknown}
 z - 2 potions of mutation {unknown}
 A - a potion of flight {unknown}
 B - a potion of brilliance {unknown}
 C - a potion of degeneration {unknown}


   Skills:
 + Level 7.3 Fighting
 - Level 1.7 Dodging
 - Level 5.1 Unarmed Combat
 + Level 6.4 Spellcasting
 - Level 6.0 Transmutations
 + Level 5.0 Poison Magic


You had 14 spell levels left.
You knew the following spells:

 Your Spells              Type           Power        Failure   Level
a - Beastly Appendage     Tmut           ####..       5%          1
b - Wereblood             Tmut           ####....     7%          2
c - Spider Form           Tmut/Pois      ###.......   12%         3

Your spell library contained the following spells:

 Spells                   Type           Power        Failure   Level
 Blade Hands              Tmut           ####......   50%         5
 Ice Form                 Ice/Tmut       ###.....     56%         4
 Petrify                  Tmut/Erth      ###.....     56%         4
 Confusing Touch          Hex            #.......     58%         3
 Gell's Gravitas          Tloc           #.........   58%         3
 Yara's Violent Unravell  Hex/Tmut       ###.......   86%         5
 Metabolic Englaciation   Hex/Ice        #.........   99%         5


Dungeon Overview and Level Annotations

Branches:
Dungeon (7/15)             Temple (0/1) D:4

Altars:
Gozag
Okawaru
Qazlal
Xom
Yredelemnul

Shops:
D:2 *


Innate Abilities, Weirdness & Mutations

((You can spit globs of acid.))
((Your golden yellow scales are hard. (AC +7)))
You cannot fit into any form of body armour.
((You are cold-blooded and may be slowed by cold attacks.))
((You are resistant to acid. (rCorr)))


Message History

Your Fighting skill increases to level 7!
Your Spellcasting skill increases to level 6!
Your Poison Magic skill increases to level 5!
The jelly barely misses you.
You bite the howler monkey!
You kill the howler monkey!
The jelly misses you. The jelly hits you but does no damage.
Items here: ) [ ††.
You bite the jelly! The acid corrodes you!
Your front legs burn!
* * * LOW HITPOINT WARNING * * *
The jelly is severely wounded.
The jelly completely misses you.
You hit the jelly.
Your front legs burn!
* * * LOW HITPOINT WARNING * * *
The jelly is almost dead.
The jelly hits you.
* * * LOW HITPOINT WARNING * * *
You are splashed with acid.
You die...

###################
#.................##########
#.#############............# #.#
#.######.#.... #.#
########.##....###.#. #.#
#...sJ.)>##.###.#.... ######.#
#.#########.# ##.##.# [......#
#.# ###.# #..... ######## #.#
#...# #..... .....# #.## #.#.#
#..... ....)########..# #'###
#..).. ...............# ♣♣..♣
#..>.. ...............## #♣[♣.♣#
#..)..
###.###.#.......###..♣..####.....


You could see a jelly.

Vanquished Creatures
  Harold (D:6)
  Pikel (D:6)
  Edmund (D:6)
  An orc warrior (D:7)
  An ice beast (D:5)
  5 ogres
  3 bullfrogs
  A howler monkey (D:6)
  A hound (D:5)
  3 jellies
  3 bullfrog skeletons
  3 iguanas
  2 orc wizards (D:3)
  3 worker ants
  A worker ant zombie (D:5)
  6 adders
  A white imp (D:5)
  An ufetubus (D:5)
  An ooze (D:2)
  2 adder skeletons (D:4)
  2 adder zombies (D:5)
  9 worms
  4 dart slugs
  7 leopard geckos
  18 orcs
  8 bats
  7 giant cockroaches
  3 goblins
  10 hobgoblins
  5 jackals
  3 quokkas (D:3)
  2 ball pythons
  3 frilled lizards
  2 gnoll zombies (D:6)
  A jackal skeleton (D:4)
  A jackal zombie (D:5)
  12 kobolds
  9 rats
147 creatures vanquished.

Vanquished Creatures (others)
  2 plants
  9 toadstools (D:7)
11 creatures vanquished.

Grand Total: 158 creatures vanquished

Notes
Turn   | Place    | Note
-------+----------+-------------------------------------------
     0 | D:1      | muata the Draconian Transmuter began the quest for the Orb.
     0 | D:1      | Reached XP level 1. HP: 16/16 MP: 3/3
   109 | D:1      | Reached XP level 2. HP: 12/23 MP: 3/5
  1000 | D:1      | Reached XP level 3. HP: 27/29 MP: 6/6
  1466 | D:2      | Found an iron altar of Okawaru.
  1483 | D:2      | Found Gozag's Platinum Reserve.
  1498 | D:2      | Reached skill level 2 in Fighting
  1499 | D:2      | Found an opulent altar of Gozag.
  1796 | D:2      | Reached XP level 4. HP: 31/36 MP: 5/7
  2412 | D:2      | Found a shimmering altar of Xom.
  3456 | D:3      | Reached XP level 5. HP: 42/42 MP: 9/9
  3706 | D:3      | Noticed an ogre
  3840 | D:3      | Killed an ogre
  3840 | D:3      | Reached skill level 3 in Fighting
  4550 | D:4      | Found a staircase to the Ecumenical Temple.
  4569 | D:4      | Reached XP level 6. HP: 34/51 MP: 8/11
  4884 | D:4      | Learned a level 2 spell: Wereblood
  5651 | D:4      | Reached skill level 4 in Fighting
  5651 | D:4      | Your scales start taking on a golden yellow colour.
  5651 | D:4      | Reached XP level 7. HP: 59/59 MP: 12/12
  5651 | D:4      | Gained mutation: You are resistant to acid. (rCorr) [Yellow
                  | Draconian growth]
  5777 | D:4      | Reached skill level 5 in Unarmed Combat
  6033 | D:4      | Learned a level 3 spell: Spider Form
  6260 | D:5      | Entered Level 5 of the Dungeon
  6527 | D:5      | Found a stormy altar of Qazlal.
  6733 | D:5      | Upgraded the game from 0.26-a0-649-gf8c6c3aab7 to
                  | 0.26-a0-651-gb41185065b
  6920 | D:5      | Reached skill level 1 in Poison Magic
  7614 | D:5      | Reached XP level 8. HP: 67/67 MP: 14/14
  7624 | D:5      | Reached skill level 5 in Fighting
  7624 | D:5      | Reached skill level 5 in Transmutations
  8020 | D:6      | Noticed Pikel
  8053 | D:6      | Killed Pikel
  8053 | D:6      | Reached skill level 5 in Spellcasting
  8360 | D:6      | Noticed Edmund
  8375 | D:6      | Killed Edmund
  8375 | D:6      | Reached skill level 6 in Fighting
  8746 | D:6      | Found a basalt altar of Yredelemnul.
  9006 | D:7      | Reached XP level 9. HP: 30/78 MP: 15/17
  9308 | D:7      | Noticed Harold
  9377 | D:6      | Killed Harold
  9377 | D:6      | Reached skill level 7 in Fighting
  9377 | D:6      | Reached skill level 5 in Poison Magic
  9384 | D:6      | HP: 3/79 [acid (3)]
  9384 | D:6      | HP: 1/79 [jelly (2)]
  9384 | D:6      | Splashed by a jelly's acid

Illustrated notes

Levels and vault maps discovered:
D:1:      lightli_arrival_flooded_house, layout_loops_ring
D:2:      layout_basic, old_standard_altar, okawaru_ov_weapons_minmay,
          minmay_misc_feat_cross, grunt_ministairs_12,
          nicolae_gozag_zags_fifth_avenue
D:3:      layout_basic, minmay_misc_feat_plants, kennysheep_potato
D:4:      minmay_opposing_rooms, layout_loops_ring, temple_fountains,
          serial_bayou_ford_a
D:5:      layout_basic, grunt_qazlal_clouds
D:6:      layout_loops_ring, lemuel_zombie_altar_yredelemnul,
          chequers_arboretum, uniq_edmund, uniq_pikel
D:7:      cheibrodos_fertilizer, layout_rooms, old_standard_altar,
          guppyfry_shop_venom, uniq_harold

Skill      XL: |  1  2  3  4  5  6  7  8  9 |
---------------+----------------------------+-----
Fighting       | 2 3 4 6 7 |  7.3
Transmutations | 3 4 6 |  6.0
Spellcasting   | 3 4 5 6 |  6.4
Unarmed Combat | 4 5 |  5.1
Poison Magic   | 1 3 5 |  5.0
Dodging        | |  1.7

Action                   |  1- 3 |  4- 6 |  7- 9 || total
-------------------------+-------+-------+-------++-------
Melee: Unarmed           |   148 |   293 |   211 ||   652
       Tailslap          |    19 |    41 |    21 ||    81
       Kick              |    17 |    31 |    35 ||    83
       Headbutt          |     4 |    18 |    24 ||    46
       Punch             |     1 |       |     9 ||    10
Throw: Dart              |     1 |     2 |       ||     3
 Cast: Beastly Appendage |     8 |    15 |    13 ||    36
       Wereblood         |       |     2 |     4 ||     6
       Spider Form       |       |       |     2 ||     2
 Abil: Breathe Acid      |       |       |     3 ||     3
  Use: Scroll            |       |     5 |     3 ||     8
       Potion            |       |       |     1 ||     1
 Stab: Sleeping          |     1 |     1 |       ||     2
Armor: Skin              |    57 |   103 |    54 ||   214
Dodge: Dodged            |    98 |   239 |   125 ||   462

Table legend: (Time is in decaauts)
 A = Elapsed time spent in this place.
 B = Non-inter-level travel time spent in this place.
 C = Inter-level travel time spent in this place.
 D = Time resting spent in this place.
 E = Time spent auto-exploring this place.
 F = Levels seen in this place.
 G = Mean time per level.
                   A        B        C        D        E       F      G
               +--------+--------+--------+--------+--------+-----+--------+
         Total |   9358 |   9000 |    358 |   3414 |   3713 |   7 | 1336.9 |
       Dungeon |   9358 |   9000 |    358 |   3414 |   3713 |   7 | 1336.9 |
               +--------+--------+--------+--------+--------+-----+--------+

Top non-repeatable levels by time:
     D:2: 2035 daAuts
     D:3: 1564 daAuts
     D:6: 1491 daAuts
     D:5: 1474 daAuts
     D:4: 1416 daAuts
     D:1: 1230 daAuts
     D:7: 145 daAuts
